 Dungeon Crawl Stone Soup version 0.30.0-15-g856e2d3f33 (webtiles) character file.

Game seed: 12104240393428784331

35 CaptainMV the Insei (level 3, -1/27 HPs)
             Began as a Demonspawn Wanderer on May 18, 2023.
             Slain by Terence
             ... wielding a +0 flail
              (7 damage)
             ... on level 2 of the Dungeon.
             The game lasted 00:09:07 (929 turns).

CaptainMV the Insei (Demonspawn Wanderer)            Turns: 929, Time: 00:09:08

Health: -1/27      AC:  4    Str: 13    XL:     3   Next: 16%
Magic:  0/4        EV: 11    Int: 12    God:
Gold:   75         SH:  0    Dex: 14    Spells: 3/4 levels left

rFire   . . .        a - +1 dagger (vamp)
rCold   + . .        (no shield)
rNeg    . . .        d - +0 leather armour
rPois   .            (no helmet)
rElec   .            (no cloak)
rCorr   .            (no gloves)
SInv    .            m - +0 pair of boots
Will    .....        (no amulet)
Stlth   +            f - ring of protection from cold
HPRegen 0.24/turn    (no ring)
MPRegen 0.09/turn

%: no passive effects
@: no status effects
A: hooves 1
a: no special abilities


You were on level 2 of the Dungeon.
You visited 1 branch of the dungeon, and saw 2 of its levels.

You collected 75 gold pieces.

Inventory:

Hand Weapons
 a - a +1 vampiric dagger (weapon)
Armour
 d - a +0 leather armour (worn)
 m - a +0 pair of boots (worn)
Jewellery
 f - a ring of protection from cold (left hand)
 h - a ring of poison resistance
Wands
 b - a wand of flame (6)
Scrolls
 e - a scroll of fog
 g - a scroll of poison {unknown}
 i - 2 scrolls of enchant armour {unknown}
 j - a scroll of immolation {unknown}
 k - a scroll of identify {unknown}
Potions
 c - a potion of might
 l - a potion of cancellation {unknown}
 n - a potion of magic {unknown}


   Skills:
 + Level 2.1 Fighting
 + Level 0.8 Maces & Flails
 + Level 0.6 Armour
 + Level 0.1 Dodging
 + Level 3.0 Unarmed Combat
 + Level 1.3 Spellcasting
 + Level 2.1 Ice Magic
 + Level 2.0 Evocations


You had 3 spell levels left.
You knew the following spells:

 Your Spells              Type           Power      Damage    Failure   Level
a - Freeze                Ice            20%        1d4       16%         1

Your spell library contained the following spells:

 Spells                   Type           Power      Damage    Failure   Level
 Beastly Appendage        Tmut           0%         N/A       36%         1
 Frozen Ramparts          Ice            10%        1d2       43%         3
 Wereblood                Tmut           0%         N/A       50%         2
 Spider Form              Tmut/Pois      0%         N/A       75%         3
 Ice Form                 Ice/Tmut       3%         N/A       94%         4


Dungeon Overview and Level Annotations

Branches:
Dungeon (2/15)

Altars:

Annotations:
D:2 Terence


Innate Abilities, Weirdness & Mutations

You have large cloven feet.


Message History

Terence is severely wounded.
Terence barely misses you.
You hit Terence but do no damage.
Terence is severely wounded.
Terence hits you with a +0 flail!
You hit Terence.
Terence is almost dead.
Terence completely misses you.
Casting: Freeze (safe; 16% risk of failure)
Confirm with . or Enter, or press ? or * to list all spells.
Aiming: Freeze (safe; 16% risk of failure)
Press: ? - help, Shift-Dir - straight line, f/p - Terence
Aim: Terence, wielding a +0 flail and wearing a +0 chain mail (almost dead)
You freeze Terence.
Terence is almost dead.
Terence closely misses you.
You hit Terence but do no damage.
Terence is almost dead.
Terence closely misses you.
You hit Terence but do no damage.
Terence is almost dead.
Terence closely misses you.
You closely miss Terence.
Terence is almost dead.
Terence closely misses you.
You hit Terence but do no damage.
Terence is almost dead.
Terence misses you.
You hit Terence but do no damage.
Terence is almost dead.
Terence barely misses you.
You hit Terence but do no damage.
Terence is almost dead.
Terence hits you with a +0 flail!
* * * LOW HITPOINT WARNING * * *
Unknown command.
You barely miss Terence.
Terence is almost dead.
Terence hits you with a +0 flail!
You die...

######### #####
........# ##### #....
........# #...# #.###
........# #...# #.#
........# #...# #.#
........# #...###.###
........######...#.....#
......@@.....'...+.....#
#$###+########...#.....#
. #...#.....#
....#...#......
...............
.....##........ .....
#..<..... .....
#........ .....
#........


You could see Terence.

Vanquished Creatures
  2 adders (D:2)
  A dart slug (D:1)
  A bat (D:1)
  4 endoplasms (D:1)
  A giant cockroach (D:1)
  A goblin (D:1)
  2 kobolds (D:1)
  A ball python (D:1)
  A frilled lizard (D:1)
14 creatures vanquished.

Notes
Turn   | Place    | Note
-------+----------+-------------------------------------------
     0 | D:1      | CaptainMV the Demonspawn Wanderer began the quest for the
                  | Orb.
     0 | D:1      | CaptainMV set off with the following items: a +0 club, a
                  | wand of flame (6), a potion of might, a +0 leather armour,
                  | a scroll of fog; and the following spell memorised: Freeze;
                  | and the following spells available to memorise: Frozen
                  | Ramparts, Ice Form.
     0 | D:1      | Reached XP level 1. HP: 16/16 MP: 2/2
   139 | D:1      | Reached skill level 3 in Unarmed Combat
   260 | D:1      | Gained mutation: You have large cloven feet. [demonic
                  | ancestry]
   260 | D:1      | Reached XP level 2. HP: 22/22 MP: 3/3
   821 | D:2      | Reached XP level 3. HP: 20/27 MP: 0/4
   905 | D:2      | Noticed Terence
   929 | D:2      | Slain by Terence

Illustrated notes

Levels and vault maps discovered:
D:1:      dpeg_arrival_rooms_c, layout_basic
D:2:      layout_basic, basic_altar, uniq_natasha, uniq_terence

Skill      XL: |  1  2 |
---------------+-------+-----
Unarmed Combat | 3 |  3.0
Ice Magic      | 2 |  2.1
Fighting       | |  2.1
Maces & Flails | |  0.8
Armour         | |  0.6
Dodging        | |  0.1
Spellcasting   | |  1.3
Evocations     | |  2.0

Action                     || total
---------------------------++-------
  Melee: Club              ||    10
         Dagger            ||    38
   Cast: Freeze            ||    22
 Armour: Leather armour    ||    12
  Dodge: Dodged            ||    47
